 Dungeon Crawl Stone Soup version 0.32-a0-909-gc671339a80 (webtiles) character file.

Game seed: 18219547468786427515

232 Autsider the Chiller (level 6, 0/48 HPs)
             Began as a Merfolk Ice Elementalist on Apr 7, 2024.
             Slain by an iguana (7 damage)
             ... on level 5 of the Dungeon.
             The game lasted 00:09:21 (5175 turns).

Autsider the Chiller (Merfolk Ice Elementalist)     Turns: 5175, Time: 00:09:22

Health: 0/48       AC:  4    Str:  8    XL:     6   Next: 4%
Magic:  0/10       EV: 11    Int: 17    God:
Gold:   200        SH:  0    Dex: 14    Spells: 4/11 levels left

rFire   . . .        j - +0 spear
rCold   . . .        (no shield)
rNeg    . . .        a - +0 robe
rPois   .            (no helmet)
rElec   .            c - +0 cloak
rCorr   .            (no gloves)
SInv    .            w - +0 pair of boots
Will    .....        (no amulet)
Stlth   ++           (no ring)
HPRegen 0.28/turn    (no ring)
MPRegen 0.12/turn

%: no passive effects
@: mighty, freezing walls
A: (nimble swimmer 2), mertail
a: Convert to Beogh


You were on level 5 of the Dungeon.
You visited 1 branch of the dungeon, and saw 5 of its levels.

You collected 200 gold pieces.

Inventory:

Hand Weapons
 e - a +1 dagger of protection
 j - a +0 spear (weapon)
Armour
 a - a +0 robe (worn)
 c - a +0 cloak (worn)
 h - an orb of wrath
 w - a +0 pair of boots (worn)
Jewellery
 g - an amulet of the acrobat
 s - a +6 ring of strength
Wands
 u - a wand of light (10)
 v - a wand of paralysis (14)
 z - a wand of polymorph (11)
Scrolls
 d - 6 scrolls of identify {unknown}
 i - 3 scrolls of teleportation {unknown}
 k - a scroll of enchant weapon {unknown}
 l - a scroll of revelation {unknown}
 m - a scroll of silence {unknown}
 p - a scroll of poison {unknown}
 q - a scroll of fear {unknown}
 r - 2 scrolls of immolation {unknown}
 x - a scroll of brand weapon {unknown}
 y - a scroll of amnesia {unknown}
Potions
 b - a potion of magic
 f - 2 potions of might
 n - 2 potions of curing
 o - a potion of berserk rage {unknown}
 t - a potion of heal wounds {unknown}


   Skills:
 - Level 4.0 Fighting
 - Level 2.6 Dodging
 - Level 2.1 Stealth
 - Level 3.0 Spellcasting
 + Level 5.8 Ice Magic


You had 4 spell levels left.
You knew the following spells:

 Your Spells              Type           Power      Damage    Failure   Level
a - Freeze                Ice            88%        1d9       1%          1
b - Frozen Ramparts       Ice            44%        1d7       4%          3
c - Ozocubu's Armour      Ice            22%        N/A       4%          3

Your spell library contained the following spells:

 Spells                   Type           Power      Damage    Failure   Level
 Summon Ice Beast         Ice/Summ       12%        N/A       16%         3
 Inner Flame              Hex/Fire       2%         N/A       45%         3
 Irradiate                Conj/Alch      1%         3d12      99%         5
 Ignition                 Fire           1%         3d3       100%        8


Dungeon Overview and Level Annotations

Branches:
Dungeon (5/15)
 Temple: D:4-7

Altars:
Qazlal
The Shining One

Shops:
D:1 [

Annotations:
D:3 1 runed translucent door, DEFE's ghost, novice CoFi
D:4 exclusion: ogre


Innate Abilities, Weirdness & Mutations

((You are very nimble when in or above water. (Stealth+, EV+, Speed+++)))
Your lower body shifts to a powerful aquatic tail in water.


Message History

The wall freezes the orc.
The orc hits you but does no damage.
The wall freezes the orc.
It was a potion of might.
You feel very mighty all of a sudden.
The wall freezes the orc priest.
The wall freezes the iguana.
The iguana seems to slow down.
The iguana closely misses you.
The wall freezes the orc.
You kill the orc!
The wall freezes the orc.
The orc hits you with a +0 dagger.
* * * LOW HITPOINT WARNING * * *
The wall freezes the orc!
You kill the orc!
It was a potion of curing.
You feel better.
The wall freezes the orc priest.
The orc priest miscasts a cantrip.
The wall freezes the orc but does no damage.
The orc hits you with a +0 dagger.
* * * LOW HITPOINT WARNING * * *
The wall freezes the orc.
The wall freezes the iguana but does no damage.
The iguana misses you.
Reach: j) +0 spear
Press: ? - help, Dir - move target, f - orc priest
Aim: an orc priest, wielding a +0 whip and wearing a +0 leather armour (heavily wounded, about 37% to evade your +0 spear)
You reach to attack!
You closely miss the orc priest.
The orc priest is heavily wounded.
The wall freezes the orc priest but does no damage.
The wall freezes the orc.
The orc hits you but does no damage.
The wall freezes the orc but does no damage.
The orc barely misses you.
Reach: j) +0 spear
Press: ? - help, Dir - move target, f/p - orc priest
Aim: an orc priest, wielding a +0 whip and wearing a +0 leather armour (heavily wounded, about 37% to evade your +0 spear)
You hit the orc priest.
The orc priest is almost dead.
The wall freezes the orc priest.
The orc priest misses you.
The wall freezes the orc.
You kill the orc!
The wall freezes the iguana but does no damage.
The iguana bites you!
You die...

#..........#.#
#........#.#.#
.#..#.....#.#<#
..............#
.#.....#..######
!...............#
.#.#.#†#).#####.#
...............
#....#)@######.
........olo...#
########).###.#
#....)).###.#
#.#...)....o#
...............#
#.#............#
# #...#######..#
#..# ..#


You could see an iguana (slow), an orc priest and an orc.

Vanquished Creatures
  A sleepcap (D:4)
  An iguana (D:4)
  An orc wizard (D:5)
  3 gnolls (D:3)
  4 adders
  3 ribbon worms
  2 dart slugs (D:3)
  11 orcs
  2 endoplasms
  5 giant cockroaches
  5 goblins
  5 hobgoblins
  7 kobolds
  A quokka (D:3)
  5 ball pythons
  6 bats
  5 frilled lizards
  5 rats
72 creatures vanquished.

Notes
Turn   | Place    | Note
-------+----------+-------------------------------------------
     0 | D:1      | Autsider the Merfolk Ice Elementalist began the quest for
                  | the Orb.
     0 | D:1      | Reached XP level 1. HP: 13/13 MP: 3/3
   448 | D:1      | Reached XP level 2. HP: 20/20 MP: 3/5
   526 | D:1      | Reached skill level 1 in Fighting
   570 | D:1      | Found Ruhitoa's Antique Armour Emporium.
   694 | D:1      | Found a faded altar of an unknown god.
  1382 | D:2      | Reached XP level 3. HP: 26/26 MP: 2/6
  1386 | D:2      | Learned a level 3 spell: Frozen Ramparts
  2202 | D:3      | Reached skill level 5 in Ice Magic
  2202 | D:3      | Reached XP level 4. HP: 10/33 MP: 0/8
  2532 | D:3      | Found a glowing golden altar of the Shining One.
  2821 | D:3      | Found a runed translucent door.
  2821 | D:3      | Noticed DEFE's ghost (novice CoFi)
  3212 | D:3      | Reached XP level 5. HP: 41/41 MP: 5/9
  3451 | D:3      | Learned a level 3 spell: Ozocubu's Armour
  4012 | D:4      | Found a stormy altar of Qazlal.
  4015 | D:4      | Noticed an ogre
  5079 | D:5      | Entered Level 5 of the Dungeon
  5157 | D:5      | Reached XP level 6. HP: 47/48 MP: 1/10
  5172 | D:5      | HP: 1/48 [orc/+0 dagger (3)]
  5175 | D:5      | Slain by an iguana

Illustrated notes

Levels and vault maps discovered:
D:1:      dpeg_arrival_rooms_with_view, layout_basic,
          shapermc_ecumenical_altar_petra, serial_shops,
          nicolae_shop_advertising_works [nicolae_subvault_shop_adworks]
D:2:      layout_loops_ring, minmay_three_crescents
D:3:      layout_loops_corners, tso_oasis_becter, hellmonk_ghost_happy_afterlife
D:4:      layout_loops_corners, grunt_qazlal_clouds, serial_forest,
          infiniplex_forest_zigzag_2, infiniplex_forest_lined_2,
          infiniplex_forest_straight_5, infiniplex_forest_zigzag_1,
          infiniplex_forest_lined_room_3, infiniplex_forest_end_2,
          infiniplex_forest_straight_4
D:5:      layout_basic, nicolae_overflow_two_pavilions

Skill      XL: |  1  2  3  4  5 |
---------------+----------------+-----
Fighting       | 1 2 3 4 |  4.0
Ice Magic      | 5 |  5.8
Spellcasting   | 3 |  3.0
Dodging        | |  2.6
Stealth        | |  2.1

Action                     |  1- 3 |  4- 6 || total
---------------------------+-------+-------++-------
  Melee: Unarmed           |     2 |       ||     2
         Dagger            |    22 |    34 ||    56
         Spear             |       |    39 ||    39
   Cast: Freeze            |    37 |     9 ||    46
         Frozen Ramparts   |     6 |    25 ||    31
         Ozocubu's Armour  |       |     2 ||     2
    Use: Potion            |       |     2 ||     2
   Stab: Sleeping          |       |     1 ||     1
 Armour: Robe              |    25 |    42 ||    67
  Dodge: Dodged            |    30 |    49 ||    79

Table legend: (Time is in decaauts)
 A = Elapsed time spent in this place.
 B = Non-inter-level travel time spent in this place.
 C = Inter-level travel time spent in this place.
 D = Time resting spent in this place.
 E = Time spent auto-exploring this place.
 F = Levels seen in this place.
 G = Mean time per level.
                   A        B        C        D        E       F      G
               +--------+--------+--------+--------+--------+-----+--------+
         Total |   5175 |   4988 |    187 |     69 |   4356 |   5 | 1035.0 |
       Dungeon |   5175 |   4988 |    187 |     69 |   4356 |   5 | 1035.0 |
               +--------+--------+--------+--------+--------+-----+--------+

Top non-repeatable levels by time:
     D:4: 1612 daAuts
     D:3: 1197 daAuts
     D:1: 1158 daAuts
     D:2: 1110 daAuts
     D:5: 97 daAuts
